[Event "3rd FIDE WCCC Blitz U12 2019"]
[Site "Minsk"]
[Date "2019.08.18"]
[Round "4.4"]
[White "Gavrilov, Maxim"]
[Black "Kolesov, Gordey"]
[Result "0-1"]
[ECO "E21"]
[WhiteElo "1808"]
[BlackElo "1761"]
[Annotator "NA"]
[PlyCount "117"]
[EventDate "2019.08.18"]
[EventType "swiss"]
[EventCountry "BLR"]
[SourceTitle "playchess.com"]
[Source "ChessBase"]
[SourceQuality "1"]
[TimeControl "300+2"]

1. d4 Nf6 2. c4 e6 3. Nc3 Bb4 4. Nf3 d5 5. cxd5 exd5 6. Bg5 h6 7. Bh4 c6 8. e3 O-O 9. Bd3 Re8 10. O-O Nbd7 11. a3 Bd6 12. Qc2 Nf8 13. b4 a6 14. Rab1 Bg4 15. Nd2 Bh5 16. a4 Bg6 17. Bxg6 Nxg6 18. Bg3 Bxg3 19. hxg3 h5 20. Nf3 Ng4 21. Qf5 Qe7 22. Rfe1 Nf6 23. b5 axb5 24. axb5 Ra3 25. Qc2 Ng4 26. bxc6 bxc6 27. Na4 Ra8 28. Nc5 Ra2 29. Rb2 Rxb2 30. Qxb2 h4 31. gxh4 Nxh4 32. Qb7 Qxb7 33. Nxb7 Nf5 34. g3 Ra2 35. Rf1 Kf8 36. Nc5 Ke7 37. Ne5 Nxe5 38. dxe5 Rc2 39. Nb3 Rc3 40. Nd2 Ke6 41. Nf3 c5 42. Rd1 c4 43. Ng5+ Kxe5 44. Nxf7+ Kf6 45. Nd8 Ne7 46. Nb7 Rc2 47. Nc5 c3 48. Kf1 Ke5 49. Nd3+ Ke4 50. Ke1 Nf5 51. Nb4 Rb2 52. Nxd5 c2 53. Nc3+ Kf3 54. Rc1 Nd6 55. Kd2 Kxf2 56. Rxc2 Nc4+ 57. Kd3+ {[%emt 0:00:01] Ne5+ Kd2 Nf3+ Kd3+ Ne1+ Kd2} Rxc2 {[%emt 0:00:05] Kd1 Rxc3} 58. g4 {[%emt 0:00:04] Rxe3} g5 {[%emt 0:00:02] Re5 g6 Nd3 Kd2 Rg5 Kxd3 Rxg6} 59. Ke4 {[%emt 0:00:00] Rf6 Ke5 Rf8 Ke6 g5 Ke7 Rf3 Ke6 g4 Ke5 g3 Ke4 g2 Ke5 g1=Q Ke4 Qg4+ Ke5 Rf5+ Ke6 Qg6+ Ke7 Rf7+ Ke8 Qg8#} 0-1

[Event "3rd FIDE WCCC Blitz U12 2019"]
[Site "Minsk"]
[Date "2019.08.18"]
[Round "4.5"]
[White "Gvozdev, Timur"]
[Black "Strybuk, Artsiom I"]
[Result "0-1"]
[ECO "C67"]
[WhiteElo "1518"]
[BlackElo "2200"]
[Annotator "NA"]
[PlyCount "119"]
[EventDate "2019.08.18"]
[EventType "swiss"]
[EventCountry "BLR"]
[SourceTitle "playchess.com"]
[Source "ChessBase"]
[SourceQuality "1"]
[TimeControl "300+2"]

1. e4 e5 2. Nf3 Nc6 3. Bb5 Nf6 4. O-O Nxe4 5. d4 Nd6 6. dxe5 Nxb5 7. a4 Nbd4 8. Nxd4 d5 9. Re1 Be7 10. c3 O-O 11. Nd2 f6 12. exf6 Bxf6 13. Nxc6 bxc6 14. Nb3 Bf5 15. Be3 Qd7 16. Nc5 Qd6 17. Bd4 Rae8 18. Qd2 h6 19. Rxe8 Rxe8 20. Re1 Rxe1+ 21. Qxe1 Kh7 22. Qe3 Bg5 23. Qe5 Qxe5 24. Bxe5 Bc1 25. b4 Bb2 26. f3 Kg8 27. Kf2 Kf7 28. Ke3 Bc1+ 29. Ke2 g5 30. Bxc7 Ke7 31. Be5 Bc2 32. Bd4 Bf4 33. g3 Bd6 34. Nd3 Bxa4 35. Nc5 Bb5+ 36. Kd2 Bc7 37. Nd3 Bb6 38. Bc5+ Ke6 39. Bxb6 axb6 40. Nb2 Kf5 41. Ke3 Ke5 42. Nd3+ Bxd3 43. Kxd3 c5 44. bxc5 bxc5 45. Ke3 h5 46. f4+ gxf4+ 47. gxf4+ Kf5 48. h3 h4 49. Kf3 d4 50. cxd4 cxd4 51. Ke2 Kxf4 52. Kd3 Ke5 53. Ke2 Ke4 54. Kd2 d3 55. Kd1 Ke3 56. Ke1 Kf3 57. Kd2 Kg3 58. Kxd3 Kxh3 59. Ke2 Kg2 60. Ke1 0-1

[Event "3rd FIDE WCCC Blitz U12 2019"]
[Site "Minsk"]
[Date "2019.08.18"]
[Round "4.6"]
[White "Shakhaylo, Dmitriy"]
[Black "Burbach, Brunel Baron"]
[Result "0-1"]
[ECO "E58"]
[WhiteElo "1718"]
[BlackElo "1548"]
[Annotator "NA"]
[PlyCount "46"]
[EventDate "2019.08.18"]
[EventType "swiss"]
[EventCountry "BLR"]
[SourceTitle "playchess.com"]
[Source "ChessBase"]
[SourceQuality "1"]
[TimeControl "300+2"]

1. d4 Nf6 2. c4 e6 3. Nc3 Bb4 4. e3 O-O 5. Nf3 d5 6. Bd3 c5 7. O-O Nc6 8. a3 Bxc3 9. bxc3 b6 10. Qe2 Bb7 11. Rd1 dxc4 12. Bxc4 Qe7 13. e4 Na5 14. Bd3 cxd4 15. cxd4 Rfd8 16. Bc2 h6 17. e5 Nd5 18. Qd3 f5 19. exf6 Nxf6 20. Qg6 Qf7 21. Qg3 Kh8 22. Ne5 Qh5 23. Bg6 Qxd1# 0-1

[Event "3rd FIDE WCCC Blitz U12 2019"]
[Site "Minsk"]
[Date "2019.08.18"]
[Round "5.1"]
[White "Chyndygyr, Tamerlan"]
[Black "Khubukshanov, Erdem"]
[Result "1/2-1/2"]
[ECO "D30"]
[WhiteElo "1984"]
[BlackElo "2257"]
[Annotator "NA"]
[PlyCount "30"]
[EventDate "2019.08.18"]
[EventType "swiss"]
[EventCountry "BLR"]
[SourceTitle "playchess.com"]
[Source "ChessBase"]
[SourceQuality "1"]
[TimeControl "300+2"]

1. d4 d5 2. c4 e6 3. Nf3 c6 4. Qc2 dxc4 5. Qxc4 b5 6. Qc2 Bb7 7. e4 Nd7 8. Bd3 a6 9. Be3 Rc8 10. O-O c5 11. Qe2 Ngf6 12. d5 c4 13. Bc2 e5 14. Nfd2 Bd6 15. a4 Bb4 1/2-1/2

[Event "3rd FIDE WCCC Blitz U12 2019"]
[Site "Minsk"]
[Date "2019.08.18"]
[Round "5.2"]
[White "Strybuk, Artsiom I"]
[Black "Zubar, Volodymyr"]
[Result "1/2-1/2"]
[ECO "D79"]
[WhiteElo "2200"]
[BlackElo "1748"]
[Annotator "NA"]
[PlyCount "195"]
[EventDate "2019.08.18"]
[EventType "swiss"]
[EventCountry "BLR"]
[SourceTitle "playchess.com"]
[Source "ChessBase"]
[SourceQuality "1"]
[TimeControl "300+2"]

1. d4 Nf6 2. c4 g6 3. Nf3 Bg7 4. g3 c6 5. Bg2 d5 6. O-O O-O 7. cxd5 cxd5 8. Ne5 b6 9. Nc3 Bb7 10. Qa4 e6 11. Bg5 a6 12. Rfc1 b5 13. Qb3 h6 14. Bxf6 Bxf6 15. a4 Bxe5 16. dxe5 Nd7 17. axb5 axb5 18. Qxb5 Rxa1 19. Rxa1 Ba8 20. f4 Qb6+ 21. Qxb6 Nxb6 22. Kf2 Rb8 23. b3 Nd7 24. b4 Bc6 25. Rb1 Nb6 26. e3 Nc4 27. Bf1 Nd2 28. Rb2 Nxf1 29. Kxf1 Bb5+ 30. Ke1 Kf8 31. Kd2 Ke7 32. Nxb5 Rxb5 33. Kc3 Kd7 34. Ra2 Rb7 35. Ra8 Kc6 36. Rc8+ Kb5 37. Kb3 h5 38. h4 Kb6 39. Kc3 Kb5 40. Kb3 Kb6 41. Rf8 Kb5 42. Rd8 Kb6 43. Ra8 Kb5 44. Ra5+ Kb6 45. Rc5 Ra7 46. Rc1 Rb7 47. Rg1 Rb8 48. g4 hxg4 49. Rxg4 Rh8 50. Ka4 Ra8+ 51. Kb3 Rh8 52. Kc3 Kb5 53. Kb3 Kb6 54. Kc3 Kb5 55. Kd3 Rh5 56. Kc3 Rh8 57. Kb3 Kb6 58. Kb2 Kb5 59. Kc3 Kb6 60. Kb3 Kb5 61. Kc2 Kb6 62. Kd3 Kb5 63. Kc3 Kb6 64. Kb3 Kb5 65. Ka3 Ra8+ 66. Kb3 Rh8 67. Kc3 Kb6 68. Kb3 Kb5 69. Kb2 Kb6 70. Ka3 Kb5 71. Kb3 Kb6 72. Kc3 Kb5 73. Kd3 Rh5 74. Kc3 Rh8 75. Kb3 Kb6 76. Ka4 Ra8+ 77. Kb3 Rh8 78. Kc3 Kb5 79. Kd3 Rh5 80. Kc3 Rh8 81. Kd2 Rh5 82. Kc3 Rh8 83. Kb3 Kb6 84. Kb2 Kb5 85. Kc3 Kb6 86. Kd3 Kb5 87. Kc2 Kb6 88. Kc3 Kb5 89. Kd4 Rc8 90. Rg1 Rh8 91. Rc1 Kxb4 92. Rb1+ Ka4 93. Rb7 Rf8 94. Kc5 Rc8+ 95. Kd6 Rf8 96. Ke7 Rh8 97. Kf6 Rxh4 98. Rxf7 1/2-1/2

[Event "3rd FIDE WCCC Blitz U12 2019"]
[Site "Minsk"]
[Date "2019.08.18"]
[Round "5.3"]
[White "Kolesov, Gordey"]
[Black "Berin, Artem"]
[Result "1/2-1/2"]
[ECO "D15"]
[WhiteElo "1761"]
[BlackElo "1734"]
[Annotator "NA"]
[PlyCount "168"]
[EventDate "2019.08.18"]
[EventType "swiss"]
[EventCountry "BLR"]
[SourceTitle "playchess.com"]
[Source "ChessBase"]
[SourceQuality "1"]
[TimeControl "300+2"]

1. d4 Nf6 2. Nf3 d5 3. c4 c6 4. Nc3 a6 5. cxd5 cxd5 6. Bf4 Nc6 7. e3 e6 8. a3 Bd6 9. Bxd6 Qxd6 10. Bd3 b5 11. O-O O-O 12. Rc1 Bb7 13. Qe2 Rac8 14. Nd2 Na5 15. f4 Nc4 16. Nb3 Ba8 17. Na2 Nd7 18. Rc2 f5 19. Rfc1 Bb7 20. Nd2 Ncb6 21. Nb3 Nc4 22. Nd2 Ncb6 23. Nf3 Nc4 24. Qf2 a5 25. Re1 Nf6 26. Ne5 Ne4 27. Bxe4 fxe4 28. Nxc4 Rxc4 29. Rxc4 bxc4 30. Qd2 Qb6 31. Nc3 Bc6 32. Qe2 Rb8 33. Rb1 Be8 34. Qg4 Qd6 35. f5 exf5 36. Qxf5 Bf7 37. Rf1 Qe6 38. Qf4 Rxb2 39. Qc7 Rb3 40. Qd8+ Qe8 41. Qxa5 h6 42. Nxd5 Qd7 43. Qa8+ Kh7 44. Nf4 Rxe3 45. d5 c3 46. Qa5 c2 47. Qc5 Rb3 48. Qxc2 Rxa3 49. Qxe4+ Kg8 50. Qe5 Ra8 51. Rc1 Re8 52. Qd4 g5 53. Nh3 Qxd5 54. Qf6 Qe6 55. Qxe6 Rxe6 56. Rc8+ Kg7 57. Kf2 Re7 58. Ng1 Be6 59. Rc5 Bg4 60. h3 Bh5 61. g4 Bg6 62. Nf3 Rf7 63. Kg3 Re7 64. Rb5 Be4 65. Nd4 Bg6 66. Rb6 Be4 67. Ne6+ Kf7 68. Nd8+ Kg7 69. Ne6+ Kf7 70. Nd4 Bg6 71. Rb5 Kg7 72. Nc6 Rc7 73. Ne5 Re7 74. Rc5 Be4 75. Nc4 Bg6 76. Kf2 Rf7+ 77. Kg3 Re7 78. Ne5 Be4 79. Nf3 Bxf3 80. Kxf3 Kf7 81. Rc6 Kg7 82. Rd6 Kh7 83. Rf6 Kg7 84. Rc6 Kh7 1/2-1/2

[Event "3rd FIDE WCCC Blitz U12 2019"]
[Site "Minsk"]
[Date "2019.08.18"]
[Round "5.4"]
[White "Nemsadze, Daviti"]
[Black "Navumenka, Mikhei"]
[Result "0-1"]
[ECO "A22"]
[WhiteElo "1773"]
[BlackElo "2148"]
[Annotator "NA"]
[PlyCount "124"]
[EventDate "2019.08.18"]
[EventType "swiss"]
[EventCountry "BLR"]
[SourceTitle "playchess.com"]
[Source "ChessBase"]
[SourceQuality "1"]
[TimeControl "300+2"]

1. c4 e5 2. Nc3 Nf6 3. g3 Nc6 4. Bg2 Bb4 5. Nd5 O-O 6. Nxb4 Nxb4 7. Nf3 e4 8. Nd4 d5 9. cxd5 Qxd5 10. Nc2 Nxc2+ 11. Qxc2 Bg4 12. h3 Bh5 13. g4 Bg6 14. O-O h5 15. gxh5 Nxh5 16. d3 exd3 17. Bxd5 dxc2 18. Be3 Nf6 19. Bb3 Rad8 20. Rac1 Nd5 21. Bd2 Bf5 22. Kh2 Rfe8 23. e3 Nf4 24. Bxc2 Rxd2 25. Bxf5 Rxe3 26. Rxc7 g6 27. Bg4 Rxb2 28. Rxb7 Rxh3+ 29. Bxh3 Rxb7 30. Bc8 Rb2 31. a4 Ra2 32. Bd7 Nd3 33. Rb1 Nxf2 34. Rb8+ Kg7 35. Rb7 Ng4+ 36. Kg3 Ne5 37. Be8 Kf8 38. Bb5 a6 39. Rb8+ Kg7 40. Be8 g5 41. Rb6 Kf8 42. Rb8 Ke7 43. Ra8 Ra3+ 44. Kg2 g4 45. Kf2 f5 46. Bh5 Rxa4 47. Re8+ Kf6 48. Kg3 Ng6 49. Rb8 Ra3+ 50. Kf2 Kg5 51. Bxg6 Kxg6 52. Rb6+ Kg5 53. Kg2 a5 54. Ra6 Kf4 55. Kf2 Ra2+ 56. Ke1 Kf3 57. Rf6 f4 58. Rc6 Ra1+ 59. Kd2 g3 60. Rc3+ Kf2 61. Rc2 g2 62. Kd3+ Kf3 {[%emt 0:00:04] Ke4+} 0-1

[Event "3rd FIDE WCCC Blitz U12 2019"]
[Site "Minsk"]
[Date "2019.08.18"]
[Round "5.5"]
[White "Matviienko, Mykhailo"]
[Black "Pidluznij, Gleb"]
[Result "0-1"]
[ECO "A20"]
[WhiteElo "1755"]
[BlackElo "1925"]
[Annotator "NA"]
[PlyCount "128"]
[EventDate "2019.08.18"]
[EventType "swiss"]
[EventCountry "BLR"]
[SourceTitle "playchess.com"]
[Source "ChessBase"]
[SourceQuality "1"]
[TimeControl "300+2"]

1. c4 e5 2. g3 Nf6 3. Bg2 d5 4. cxd5 Nxd5 5. Nc3 Nb6 6. Nf3 Nc6 7. O-O Be7 8. d3 O-O 9. a3 Be6 10. b4 a5 11. b5 Nd4 12. Nxd4 exd4 13. Ne4 Nd5 14. Bb2 f5 15. Nd2 Bf6 16. Nb3 Nc3 17. Bxc3 dxc3 18. Rc1 Qd6 19. a4 Qa3 20. Rb1 c6 21. d4 cxb5 22. axb5 a4 23. Nc5 Bc4 24. Nd7 Rfd8 25. Nb6 Bb3 26. Qc1 Qxc1 27. Rbxc1 Ra7 28. e3 c2 29. Rfe1 Be7 30. Bf1 Ba3 31. Ra1 Bb2 32. Nc4 Bxa1 33. Rxa1 Bxc4 34. Bxc4+ Kf8 35. Rc1 Rc8 36. Rxc2 a3 37. b6 Ra5 38. Bb3 Rxc2 39. Bxc2 a2 40. Bxf5 Rxf5 41. Kg2 a1=Q 42. e4 Rb5 43. h4 Qxd4 44. f3 Rxb6 45. h5 Rh6 46. g4 Rxh5 47. gxh5 g6 48. h6 Qe3 49. e5 Qxe5 50. f4 Qxf4 51. Kh3 Qg5 52. Kh2 b5 53. Kh3 b4 54. Kh2 b3 55. Kh3 b2 56. Kh2 b1=B 57. Kh3 Bf5+ 58. Kh2 Qxh6+ 59. Kg3 Qe3+ 60. Kh2 Qg5 61. Kh1 h5 62. Kh2 h4 63. Kh1 Be4+ 64. Kh2 Qg3# 0-1

[Event "3rd FIDE WCCC Blitz U12 2019"]
[Site "Minsk"]
[Date "2019.08.18"]
[Round "5.6"]
[White "Pham, Truong Phu"]
[Black "Balayan, Eduard"]
[Result "0-1"]
[ECO "E61"]
[WhiteElo "1311"]
[BlackElo "1777"]
[Annotator "NA"]
[PlyCount "188"]
[EventDate "2019.08.18"]
[EventType "swiss"]
[EventCountry "BLR"]
[SourceTitle "playchess.com"]
[Source "ChessBase"]
[SourceQuality "1"]
[TimeControl "300+2"]

1. d4 Nf6 2. c4 g6 3. Nc3 Bg7 4. e3 O-O 5. Nf3 d6 6. Be2 Nbd7 7. O-O e5 8. b3 c6 9. dxe5 Nxe5 10. Nxe5 dxe5 11. Qc2 Qc7 12. Bb2 Bf5 13. e4 Be6 14. Rad1 Rad8 15. a3 Nd7 16. Rd2 Bh6 17. Rdd1 Bg7 18. Rd2 Bh6 19. Rdd1 f5 20. a4 Nf6 21. Rxd8 Rxd8 22. Rd1 Kf7 23. f3 Be3+ 24. Kf1 Bd4 25. Bd3 fxe4 26. Nxe4 Bxb2 27. Ng5+ Ke7 28. Nxe6 Kxe6 29. Qxb2 Qb6 30. c5 Qc7 31. Bc4+ Ke7 32. Re1 Nd7 33. Qf2 Rf8 34. Qh4+ Nf6 35. Qh3 Qd7 36. Rxe5+ Kd8 37. Qxd7+ Nxd7 38. Rg5 Ke7 39. b4 Rf4 40. Bg8 Nf6 41. Re5+ Kf8 42. Bb3 Rxb4 43. Bc2 Nd5 44. Be4 Ne3+ 45. Kf2 Nc4 46. Rg5 Rxa4 47. h4 Ra2+ 48. Kg3 Ne3 49. Kh3 a5 50. h5 gxh5 51. Bxh7 a4 52. Rg8+ Kf7 53. Rg5 Kf6 54. Rg8 a3 55. Ra8 Nxg2 56. Bb1 Rb2 57. Rxa3 Nf4+ 58. Kg3 Ne2+ 59. Kf2 Nc1+ 60. Ke3 Rxb1 61. Ra4 Rb3+ 62. Kf4 Nd3+ 63. Kg3 Nxc5 64. Rc4 b6 65. Rf4+ Ke5 66. Rf8 Rd3 67. Re8+ Kd4 68. Rd8+ Kc4 69. Rc8 b5 70. Rxc6 b4 71. Rh6 b3 72. Rxh5 b2 73. Rh1 Na4 74. Rb1 Rc3 75. Kg4 Rc1 76. Rxb2 Nxb2 77. f4 Rf1 78. f5 Kd5 79. Kg5 Kd6 80. Kg6 Ke7 81. f6+ Rxf6+ 82. Kg5 Ke6 83. Kg4 Ke5 84. Kg3 Ke4 85. Kg2 Ke3 86. Kg3 Rg6+ 87. Kh4 Kf3 88. Kh5 Rg1 89. Kh4 Nc4 90. Kh5 Kf4 91. Kh6 Kf5 92. Kh7 Kf6 93. Kh8 Kf7 94. Kh7 Rh1# 0-1

[Event "3rd FIDE WCCC Blitz U12 2019"]
[Site "Minsk"]
[Date "2019.08.18"]
[Round "6.1"]
[White "Khubukshanov, Erdem"]
[Black "Pidluznij, Gleb"]
[Result "0-1"]
[ECO "A04"]
[WhiteElo "2257"]
[BlackElo "1925"]
[Annotator "NA"]
[PlyCount "164"]
[EventDate "2019.08.18"]
[EventType "swiss"]
[EventCountry "BLR"]
[SourceTitle "playchess.com"]
[Source "ChessBase"]
[SourceQuality "1"]
[TimeControl "300+2"]

1. Nf3 c5 2. c4 Nc6 3. g3 g6 4. Bg2 Bg7 5. O-O Nh6 6. e3 O-O 7. Nc3 Nf5 8. b3 d6 9. Bb2 h5 10. d3 Bd7 11. Qe2 Rb8 12. Rfd1 a6 13. Nd5 e5 14. Nd2 Nfe7 15. Ne4 Be6 16. Ng5 Bd7 17. Ne4 Be6 18. Nec3 b5 19. Nxe7+ Nxe7 20. cxb5 axb5 21. Rac1 b4 22. Nb1 Qa5 23. d4 exd4 24. exd4 Qxa2 25. Rd2 Qa7 26. dxc5 dxc5 27. Bxg7 Kxg7 28. Qe5+ Kg8 29. Rxc5 Rfd8 30. Rxd8+ Rxd8 31. Rc1 Bxb3 32. Bf3 Be6 33. Rc7 Qb8 34. Qa5 Nf5 35. Rb7 Qd6 36. Qxb4 Qxb4 37. Rxb4 Nd4 38. Nd2 Nc2 39. Rb2 Rxd2 40. Be4 Rd1+ 41. Kg2 Nd4 42. Rb8+ Kg7 43. Rd8 Rd2 44. Rd6 Nb3 45. Rb6 Nc5 46. Bb1 Nd3 47. Rd6 Ne1+ 48. Kf1 Rxd6 49. Kxe1 Bf5 50. Ba2 Ra6 51. Bd5 Rd6 52. Bb3 g5 53. Ke2 h4 54. Bc4 Be6 55. Bd3 Rd4 56. Ke3 Rb4 57. f4 gxf4+ 58. gxf4 Kf6 59. Be2 Bf5 60. Bf3 Rb3+ 61. Kf2 h3 62. Bd5 Rc3 63. Kg1 Be6 64. Be4 Rc4 65. Bd3 Rxf4 66. Kh1 Rf2 67. Kg1 Rg2+ 68. Kh1 Bd5 69. Be4 Re2 70. Kg1 Bxe4 71. Kf1 Rxh2 72. Kg1 Rh1+ 73. Kf2 h2 74. Kg3 Re1 75. Kxh2 Re3 76. Kg1 Re2 77. Kf1 Bf3 78. Kg1 Kg5 79. Kf1 Kg4 80. Kg1 Kg3 81. Kf1 f5 82. Kg1 Re1# 0-1

[Event "3rd FIDE WCCC Blitz U12 2019"]
[Site "Minsk"]
[Date "2019.08.18"]
[Round "6.2"]
[White "Navumenka, Mikhei"]
[Black "Burbach, Brunel Baron"]
[Result "1-0"]
[ECO "E04"]
[WhiteElo "2148"]
[BlackElo "1548"]
[Annotator "NA"]
[PlyCount "46"]
[EventDate "2019.08.18"]
[EventType "swiss"]
[EventCountry "BLR"]
[SourceTitle "playchess.com"]
[Source "ChessBase"]
[SourceQuality "1"]
[TimeControl "300+2"]

1. d4 Nf6 2. Nf3 e6 3. c4 d5 4. g3 dxc4 5. Bg2 Bb4+ 6. Bd2 Bxd2+ 7. Nbxd2 b5 8. a4 c6 9. O-O O-O 10. Ne5 Nd5 11. Ne4 f6 12. Nf3 a5 13. Rc1 Nd7 14. b3 cxb3 15. Qxb3 Qb6 16. Nc5 bxa4 17. Qxa4 Nxc5 18. Rxc5 Bd7 19. e4 Nb4 20. Nd2 e5 21. Nc4 Qa7 22. Rxa5 c5 23. Qb3 Qb7 1-0

[Event "3rd FIDE WCCC Blitz U12 2019"]
[Site "Minsk"]
[Date "2019.08.18"]
[Round "6.3"]
[White "Balayan, Eduard"]
[Black "Chyndygyr, Tamerlan"]
[Result "0-1"]
[ECO "B00"]
[WhiteElo "1777"]
[BlackElo "1984"]
[Annotator "NA"]
[PlyCount "70"]
[EventDate "2019.08.18"]
[EventType "swiss"]
[EventCountry "BLR"]
[SourceTitle "playchess.com"]
[Source "ChessBase"]
[SourceQuality "1"]
[TimeControl "300+2"]

1. e4 d6 2. d4 Nf6 3. Nd2 Nbd7 4. Ngf3 e5 5. dxe5 dxe5 6. Bc4 Be7 7. Bxf7+ Kxf7 8. Ng5+ Kg8 9. Ne6 Qe8 10. Nxc7 Qd8 11. Nxa8 b5 12. O-O Bb7 13. c3 Qxa8 14. Qb3+ Kf8 15. Qxb5 Bc6 16. Qb3 Bc5 17. Nf3 Bxe4 18. Ng5 Bd5 19. c4 Bxg2 20. Rd1 Ke7 21. Be3 Bxe3 22. Qxe3 h6 23. Qa3+ Ke8 24. Ne6 Qb7 25. Nc5 Nxc5 26. Qxc5 Kf7 27. Qe3 Bf3 28. Rd3 e4 29. Rb3 Qd7 30. Qf4 Rd8 31. h3 g5 32. Qe5 Qd1+ 33. Rxd1 Rxd1+ 34. Kh2 Rh1+ 35. Kg3 Nh5# 0-1

[Event "3rd FIDE WCCC Blitz U12 2019"]
[Site "Minsk"]
[Date "2019.08.18"]
[Round "6.4"]
[White "Berin, Artem"]
[Black "Strybuk, Artsiom I"]
[Result "0-1"]
[ECO "C65"]
[WhiteElo "1734"]
[BlackElo "2200"]
[Annotator "NA"]
[PlyCount "58"]
[EventDate "2019.08.18"]
[EventType "swiss"]
[EventCountry "BLR"]
[SourceTitle "playchess.com"]
[Source "ChessBase"]
[SourceQuality "1"]
[TimeControl "300+2"]

1. e4 e5 2. Nf3 Nc6 3. Bb5 Nf6 4. Qe2 Bc5 5. O-O d6 6. c3 O-O 7. d3 h6 8. h3 Bb6 9. Nbd2 Ne7 10. Ba4 c6 11. Rd1 Ng6 12. Nf1 Re8 13. Ng3 d5 14. Bc2 Be6 15. Be3 Qd7 16. a4 Rad8 17. a5 Bxe3 18. fxe3 Qc7 19. Nf5 Bxf5 20. exf5 e4 21. fxg6 exf3 22. gxf7+ Qxf7 23. Qxf3 Kh8 24. Re1 Re7 25. Re2 Rde8 26. Rae1 Qe6 27. e4 dxe4 28. dxe4 Qe5 29. Qf5 Qxf5 0-1

[Event "3rd FIDE WCCC Blitz U12 2019"]
[Site "Minsk"]
[Date "2019.08.18"]
[Round "6.5"]
[White "Zubar, Volodymyr"]
[Black "Kolesov, Gordey"]
[Result "0-1"]
[ECO "C77"]
[WhiteElo "1748"]
[BlackElo "1761"]
[Annotator "NA"]
[PlyCount "94"]
[EventDate "2019.08.18"]
[EventType "swiss"]
[EventCountry "BLR"]
[SourceTitle "playchess.com"]
[Source "ChessBase"]
[SourceQuality "1"]
[TimeControl "300+2"]

1. e4 e5 2. Nf3 Nc6 3. Bb5 a6 4. Ba4 Nf6 5. Bxc6 dxc6 6. d3 Nd7 7. Nbd2 Bd6 8. O-O O-O 9. Nc4 Re8 10. b3 Bf8 11. Bb2 f6 12. g3 Nc5 13. Nh4 Bh3 14. Re1 Qd7 15. Ne3 Be6 16. Qe2 Bf7 17. Nef5 Kh8 18. Rad1 Ne6 19. Bc1 c5 20. Bb2 Nd4 21. Bxd4 cxd4 22. Qd2 a5 23. a4 Bb4 24. Qe2 Bxe1 25. Rxe1 Be6 26. Qg4 Bxf5 27. exf5 Kg8 28. Re4 Qf7 29. Kg2 c6 30. Qh3 Kf8 31. Nf3 Qg8 32. Rh4 h6 33. Re4 b5 34. Qh5 Qf7 35. Qg4 bxa4 36. bxa4 Rab8 37. Nh4 Kg8 38. Ng6 Rb2 39. Re2 Ra2 40. Qf3 Qd5 41. Re4 Rxc2 42. Qh5 Rd2 43. Qf3 c5 44. Nh4 c4 45. dxc4 Qxc4 46. Rg4 Rd8 47. Rg6 Qd5 0-1

[Event "3rd FIDE WCCC Blitz U12 2019"]
[Site "Minsk"]
[Date "2019.08.18"]
[Round "6.6"]
[White "Ermakov, Maksim"]
[Black "Mochalov, Dmitriy"]
[Result "0-1"]
[ECO "A48"]
[WhiteElo "1720"]
[BlackElo "1852"]
[Annotator "NA"]
[PlyCount "74"]
[EventDate "2019.08.18"]
[EventType "swiss"]
[EventCountry "BLR"]
[SourceTitle "playchess.com"]
[Source "ChessBase"]
[SourceQuality "1"]
[TimeControl "300+2"]

1. d4 Nf6 2. Nf3 g6 3. e3 Bg7 4. Be2 O-O 5. O-O d6 6. c4 Nbd7 7. Nc3 e5 8. b4 a5 9. bxa5 Rxa5 10. Bb2 Re8 11. Qc2 c6 12. Rfd1 Qe7 13. a4 Ra8 14. Ba3 exd4 15. Nxd4 Nc5 16. Bf3 Qc7 17. Rab1 Bg4 18. Bxg4 Nxg4 19. h3 Ne5 20. Bxc5 dxc5 21. Nb3 Nxc4 22. Nxc5 Na3 23. Rxb7 Qxb7 24. Nxb7 Nxc2 25. Rc1 Bxc3 26. Rxc2 Be5 27. Rxc6 Rxa4 28. f4 Bg7 29. Kf2 Ra2+ 30. Kf3 Ra3 31. Nd6 Raxe3+ 32. Kf2 Re2+ 33. Kf1 Re1+ 34. Kf2 Bd4+ 35. Kg3 R8e3+ 36. Kh2 Rc3 37. Ra6 Bg1+ 0-1

[Event "3rd FIDE WCCC Blitz U12 2019"]
[Site "Minsk"]
[Date "2019.08.18"]
[Round "7.1"]
[White "Chyndygyr, Tamerlan"]
[Black "Navumenka, Mikhei"]
[Result "1/2-1/2"]
[ECO "A50"]
[WhiteElo "1984"]
[BlackElo "2148"]
[Annotator "NA"]
[PlyCount "111"]
[EventDate "2019.08.18"]
[EventType "swiss"]
[EventCountry "BLR"]
[SourceTitle "playchess.com"]
[Source "ChessBase"]
[SourceQuality "1"]
[TimeControl "300+2"]

1. d4 Nf6 2. c4 b6 3. Nf3 Bb7 4. Nbd2 e6 5. e3 Be7 6. Bd3 c5 7. O-O O-O 8. b3 d5 9. Bb2 Nbd7 10. cxd5 Nxd5 11. a3 Bf6 12. Rc1 h6 13. Qe2 a6 14. Ne4 Be7 15. Ne5 cxd4 16. Bxd4 Bxa3 17. Ra1 Be7 18. Bxa6 Bxa6 19. Rxa6 Rxa6 20. Qxa6 Nxe5 21. Bxe5 Nb4 22. Qb5 Qd5 23. Qxd5 Nxd5 24. Ra1 Rc8 25. g4 f6 26. Bd4 e5 27. Bb2 Rc2 28. Ba3 Bxa3 29. Rxa3 Rb2 30. h4 Nb4 31. Nd6 Ra2 32. Rxa2 Nxa2 33. Kf1 Kf8 34. h5 Nc1 35. b4 Na2 36. b5 Nc3 37. Ke1 Ke7 38. Nc8+ Ke6 39. Nxb6 Nxb5 40. Na4 f5 41. f3 Kf6 42. Kf2 Nd6 43. Nc5 e4 44. Kg3 exf3 45. Kxf3 Nc4 46. Nd7+ Kg5 47. gxf5 Kxf5 48. Nf8 Ne5+ 49. Kg3 Kg5 50. Ne6+ Kxh5 51. Nxg7+ Kg5 52. e4 h5 53. Nxh5 Kxh5 54. Kf4 Nc4 55. e5 Nxe5 56. Ke4 1/2-1/2

[Event "3rd FIDE WCCC Blitz U12 2019"]
[Site "Minsk"]
[Date "2019.08.18"]
[Round "7.2"]
[White "Pidluznij, Gleb"]
[Black "Strybuk, Artsiom I"]
[Result "0-1"]
[ECO "D85"]
[WhiteElo "1925"]
[BlackElo "2200"]
[Annotator "NA"]
[PlyCount "54"]
[EventDate "2019.08.18"]
[EventType "swiss"]
[EventCountry "BLR"]
[SourceTitle "playchess.com"]
[Source "ChessBase"]
[SourceQuality "1"]
[TimeControl "300+2"]

1. d4 Nf6 2. c4 g6 3. Nc3 d5 4. cxd5 Nxd5 5. Na4 Bg7 6. e4 Nb6 7. Be3 O-O 8. Nf3 Bg4 9. Be2 Nc6 10. d5 Bxf3 11. Bxf3 Ne5 12. Be2 Nec4 13. Bxb6 Nxb6 14. Nxb6 axb6 15. Qd2 e6 16. O-O exd5 17. exd5 Qd6 18. Rfd1 Rfe8 19. Bf3 Qe5 20. Rab1 Rxa2 21. d6 cxd6 22. Qxd6 Qxd6 23. Rxd6 Rxb2 24. Rbd1 Bf8 25. Rd7 Bc5 26. Rf1 Rxf2 27. Rb1 Rd2+ 0-1

[Event "3rd FIDE WCCC Blitz U12 2019"]
[Site "Minsk"]
[Date "2019.08.18"]
[Round "7.3"]
[White "Mikko, Rondo"]
[Black "Kolesov, Gordey"]
[Result "0-1"]
[ECO "A06"]
[WhiteElo "1514"]
[BlackElo "1761"]
[Annotator "NA"]
[PlyCount "106"]
[EventDate "2019.08.18"]
[EventType "swiss"]
[EventCountry "BLR"]
[SourceTitle "playchess.com"]
[Source "ChessBase"]
[SourceQuality "1"]
[TimeControl "300+2"]

1. Nf3 d5 2. g3 Bf5 3. d3 e6 4. Bg2 Nf6 5. O-O h6 6. Nbd2 Be7 7. b3 c6 8. Bb2 Nbd7 9. Re1 O-O 10. h3 Re8 11. e4 dxe4 12. Nxe4 Nxe4 13. dxe4 Bh7 14. Qe2 Qc7 15. Rad1 Rad8 16. Nd2 Bc5 17. Nf1 Bb4 18. c3 Bc5 19. Ne3 Nf6 20. Ng4 Nxg4 21. Qxg4 Qb6 22. Qe2 Qc7 23. Kh2 a5 24. f4 a4 25. b4 Bf8 26. a3 Rd6 27. c4 Red8 28. Be5 Qc8 29. Bxd6 Bxd6 30. c5 Be7 31. Rxd8+ Bxd8 32. Rd1 Kf8 33. e5 Ke8 34. Be4 Bg8 35. Qc2 g6 36. Qxa4 Qb8 37. b5 cxb5 38. Qxb5+ Kf8 39. Bxb7 Be7 40. c6 Qa7 41. Qe2 Qb8 42. Qe3 Bd8 43. Qd4 Bc7 44. a4 h5 45. Ra1 h4 46. a5 hxg3+ 47. Kg2 f6 48. a6 fxe5 49. Qg1 Qd8 50. Qd1 Qf6 51. a7 Qxf4 52. a8=Q+ Kg7 53. Qa3 Qf2+ 0-1

[Event "3rd FIDE WCCC Blitz U12 2019"]
[Site "Minsk"]
[Date "2019.08.18"]
[Round "7.4"]
[White "Mochalov, Dmitriy"]
[Black "Bialiauski, Artsiom"]
[Result "1-0"]
[ECO "C84"]
[WhiteElo "1852"]
[BlackElo "1844"]
[Annotator "NA"]
[PlyCount "93"]
[EventDate "2019.08.18"]
[EventType "swiss"]
[EventCountry "BLR"]
[SourceTitle "playchess.com"]
[Source "ChessBase"]
[SourceQuality "1"]
[TimeControl "300+2"]

1. e4 e5 2. Nf3 Nc6 3. Bb5 a6 4. Ba4 Nf6 5. O-O Be7 6. d3 b5 7. Bb3 d6 8. c3 O-O 9. h3 Na5 10. Bc2 c5 11. a4 Bd7 12. Nbd2 Nc6 13. Re1 Re8 14. Nf1 g6 15. Ng3 Bf8 16. d4 Bg7 17. Be3 cxd4 18. cxd4 Rc8 19. axb5 axb5 20. d5 Ne7 21. Ra7 Ra8 22. Qa1 Qb8 23. Ra5 Qb7 24. b4 Rxa5 25. bxa5 Qa6 26. Qa3 Rc8 27. Bd3 Ne8 28. Rb1 f5 29. Bg5 fxe4 30. Bxe4 Nf5 31. Ne2 b4 32. Qa2 Ra8 33. Rxb4 Qxa5 34. Qxa5 Rxa5 35. Rb7 Bc8 36. Rb8 Rc5 37. Nd2 h6 38. Nb3 Rc4 39. Bd3 Ra4 40. Rxc8 hxg5 41. Rxe8+ Kf7 42. Rc8 Ra3 43. Bc4 Ne7 44. Rc7 Bf6 45. Ng3 Ra4 46. Ne4 Ra3 47. Nxd6+ 1-0